 Dungeon Crawl Stone Soup version 0.23.2-40-g277498a001 (webtiles) character file.

Game seed: 4230077755853528809

7132 Exodus22XD the Arsonist (level 10, -3/50 HPs)
             Began as a Deep Elf Wizard on Aug 27, 2019.
             Was a Believer of Ashenzari.
             Slain by a two-headed ogre
             ... wielding a +0 giant club
              (14 damage)
             ... on level 11 of the Dungeon.
             The game lasted 01:08:18 (12846 turns).

Exodus22XD the Arsonist (Deep Elf Wizard)          Turns: 12846, Time: 01:08:24

Health: -3/50      AC:  3    Str:  4    XL:     10   Next: 85%
Magic:  17/26      EV: 15    Int: 27    God:    Ashenzari [**....]
Gold:   580        SH:  0    Dex: 13    Spells: 18/29 levels left

rFire    . . .     SeeInvis .   m - +1 dagger (venom)
rCold    . . .     Gourm    .   (no shield)
rNeg     + . .     Faith    .   a - +0 robe
rPois    +         Spirit   .   b - +0 hat
rElec    .         Reflect  .   (no cloak)
rCorr    .         Harm     .   p - +0 pair of gloves
MR       +....                  (no boots)
Stlth    ++........             (no amulet)
HPRegen  0.16/turn              l - ring of poison resistance (curse)
MPRegen  0.20/turn              G - ring of positive energy

@: no status effects
A: no striking features
a: Curse Item, Scrying, Renounce Religion


You were on level 11 of the Dungeon.
You worshipped Ashenzari.
Ashenzari was pleased with you.
You were not hungry.

You visited 2 branches of the dungeon, and saw 12 of its levels.
You also visited: Sewer.

You collected 580 gold pieces.

Inventory:

Hand Weapons
 m - a +1 dagger of venom (weapon)
Armour
 a - a +0 robe (worn)
 b - a +0 hat (worn)
 p - a +0 pair of gloves (worn)
Jewellery
 l - a cursed ring of poison resistance (left hand)
 G - a ring of positive energy (right hand)
Wands
 k - a wand of disintegration (12)
 w - a wand of flame (27)
 x - a wand of polymorph (9)
 B - a wand of acid (3)
 C - a wand of iceblast (7)
 F - a wand of enslavement (7)
Scrolls
 c - 2 scrolls of teleportation
 f - 3 scrolls of magic mapping
 h - a scroll of holy word
 j - 3 scrolls of remove curse
 n - 2 scrolls of enchant weapon
 o - 3 scrolls of fear
 q - a scroll of identify
 s - 2 scrolls of immolation {unknown}
 u - a scroll of noise {unknown}
 v - 2 scrolls of amnesia {unknown}
 y - a scroll of blinking {unknown}
Potions
 e - 11 potions of curing
 g - 2 potions of cancellation
 i - 2 potions of flight
 r - 4 potions of agility
 t - 2 potions of lignification {unknown}
 z - 4 potions of heal wounds {unknown}
 A - 2 potions of might {unknown}
 E - a potion of invisibility {unknown}
Comestibles
 d - 18 rations
 D - a chunk of flesh


   Skills:
 - Level 5.4 Dodging
 - Level 2.4 Stealth
 - Level 10.0 Spellcasting
 - Level 10.0 Conjurations
 - Level 3.2 Summonings
 - Level 1.1 Translocations
 - Level 10.4 Fire Magic
 - Level 3.0 Air Magic
 - Level 0.1 Poison Magic
 * Level 4.9 Evocations


You had 18 spell levels left.
You knew the following spells:

 Your Spells              Type           Power        Failure   Level  Hunger
a - Magic Dart            Conj           ####         1%          1    None
b - Call Imp              Summ           ####....     1%          2    None
c - Blink                 Tloc           N/A          4%          2    None
d - Conjure Flame         Conj/Fire      ######..     1%          3    None
e - Mephitic Cloud        Conj/Pois/Air  #####...     2%          3    None

Your spell library contained the following spells:

 Spells                   Type           Power        Failure   Level  Hunger
 Summon Butterflies       Summ           ####....     1%          1    None
 Dazzling Spray           Conj/Hex       #####.       1%          3    None
 Corona                   Hex            ##.....      4%          1    None
 Ensorcelled Hibernation  Hex/Ice        ##....       6%          2    None
 Slow                     Hex            ##......     6%          2    None
 Confuse                  Hex            ##......     13%         3    None
 Tukima's Dance           Hex            ##......     13%         3    None


Dungeon Overview and Level Annotations

Branches:
Dungeon (11/15)            Temple (1/1) D:5
   Lair: D:8-11         Orc: D:9-12

Altars:
Ashenzari
Cheibriados
Dithmenos
Elyvilon
Fedhas
Gozag
Hepliaklqana
Kikubaaqudgha
Makhleb
Nemelex Xobeh
Okawaru
Qazlal
Ru
Sif Muna
Trog
Uskayaw
Vehumet
Wu Jian
Xom
Yredelemnul
Zin
The Shining One

Shops:
D:5 (   D:8 (   D:10 [

Annotations:
D:2 2 transporters
D:4 3 runed translucent doors, appiemonkey's ghost, amateur MiFi; jaiteiro's ghost, novice MiFi
D:6 2 transporters, Destapler's ghost, novice HOMo
D:8 Harold
D:9 Prince Ribbit
D:11 Urug


Message History

The two-headed ogre closely misses you.
Casting: Magic Dart (safe; 1% risk of failure)
Confirm with . or Enter, or press ? or * to list all spells.
Aiming: Magic Dart (safe; 1% risk of failure)
Press: ? - help, Shift-Dir - straight line, f/p - two-headed ogre
Aim: a two-headed ogre, wielding two +0 giant clubs (flame, moderately wounded, confused)
The magic dart hits the two-headed ogre.
The two-headed ogre is heavily wounded.
Casting: Magic Dart (safe; 1% risk of failure)
Confirm with . or Enter, or press ? or * to list all spells.
Aiming: Magic Dart (safe; 1% risk of failure)
Press: ? - help, Shift-Dir - straight line, f/p - two-headed ogre
Aim: a two-headed ogre, wielding two +0 giant clubs (flame, heavily wounded, confused)
The magic dart hits the two-headed ogre.
The two-headed ogre is heavily wounded.
The two-headed ogre is engulfed in blazing flames.
The two-headed ogre hits you with a +0 giant club!!
* * * LOW HITPOINT WARNING * * *
The two-headed ogre hits you with a +0 giant club!
You die...

#..........
#.........., ,o..
#.......... ...
#.......... * ,...
#.......... * ,...
#..n○..O... * ...
#...°)..... * ...
#O##### *** ,...
#@....# ##
######'### ###.
#........# #...
#........# #...
#........### #...
#........'.## #...
#....(...#..# #...
#........##.# #...
#........##.####...


You could see a two-headed ogre (confused) and a necrophage.

Vanquished Creatures
  A death yak (D:9)
  A two-headed ogre (D:10)
  A troll (D:10)
  3 hornets (D:10)
  2 hippogriffs
  13 yaks
  2 water moccasins
  3 orc warriors
  A black bear (D:7)
  A sky beast (D:6)
  3 ogres
  4 centaurs
  A big kobold (D:8)
  2 bullfrogs (D:7)
  A wyvern zombie (D:8)
  5 wights
  A howler monkey (D:8)
  4 crimson imps
  5 orc priests
  2 hounds
  4 jellies
  6 orc wizards
  A bullfrog skeleton (D:5)
  2 iguanas
  10 worker ants
  A killer bee zombie (D:7)
  6 gnolls
  12 adders
  A river rat (D:6)
  2 oozes
  2 adder zombies (D:5)
  2 dart slugs
  5 leopard geckos
  30 orcs
  A ball python (Sewer)
  7 bats
  8 giant cockroaches
  8 goblins
  9 hobgoblins
  10 jackals
  A quokka (D:5)
  A ball python skeleton (D:4)
  11 frilled lizards
  17 kobolds
  13 rats
  A plant (Sewer)
227 creatures vanquished.

Vanquished Creatures (collateral kills)
  A phantom (D:6)
  2 hounds
  An adder (D:4)
  A gnoll (D:7)
  A leopard gecko (D:5)
6 creatures vanquished.

Vanquished Creatures (others)
  7 toadstools (D:1)
  2 withered plants (D:4)
9 creatures vanquished.

Grand Total: 242 creatures vanquished

Notes
Turn   | Place    | Note
-------+----------+-------------------------------------------
     0 | D:1      | Exodus22XD the Deep Elf Wizard began the quest for the Orb.
     0 | D:1      | Reached XP level 1. HP: 10/10 MP: 7/7
   288 | D:1      | Reached XP level 2. HP: 15/15 MP: 2/9
   355 | D:1      | Learned a level 2 spell: Call Imp
   358 | D:1      | Learned a level 2 spell: Blink
   668 | D:1      | Reached XP level 3. HP: 19/19 MP: 1/10
   777 | D:1      | Learned a level 3 spell: Conjure Flame
  1332 | D:2      | Reached XP level 4. HP: 24/24 MP: 3/12
  1417 | D:2      | Found a transporter.
  1420 | D:2      | Noticed an ogre
  1421 | D:2      | Found a bloodstained altar of Trog.
  1423 | D:2      | Found a sparkling altar of Nemelex Xobeh.
  1426 | D:2      | Noticed a big kobold
  1455 | D:2      | Learned a level 3 spell: Mephitic Cloud
  1457 | D:2      | Found a transporter.
  2175 | D:3      | Reached skill level 1 in Fire Magic
  2175 | D:3      | Reached XP level 5. HP: 25/28 MP: 4/13
  2661 | D:3      | You fall through a shaft!
  2702 | D:4      | Found a blossoming altar of Fedhas.
  2705 | D:4      | Found a shimmering altar of Xom.
  2910 | D:4      | Reached skill level 1 in Air Magic
  2910 | D:4      | Reached XP level 6. HP: 32/32 MP: 2/14
  3085 | D:4      | Found an iron altar of Okawaru.
  3309 | D:4      | Found a runed translucent gate.
  3309 | D:4      | Found a runed translucent gate.
  3309 | D:4      | Found a runed translucent gate.
  3310 | D:4      | Noticed appiemonkey's ghost (amateur MiFi)
  3311 | D:4      | Noticed jaiteiro's ghost (novice MiFi)
  3641 | D:3      | Found an ancient bone altar of Kikubaaqudgha.
  3642 | D:3      | Found a deep blue altar of Sif Muna.
  3644 | D:3      | Found a radiant altar of Vehumet.
  3648 | D:3      | Identified Sif Muna's Almanac of the Entourage
  3722 | D:5      | Entered Level 5 of the Dungeon
  4068 | D:5      | Found a stormy altar of Qazlal.
  4092 | D:5      | Reached skill level 5 in Conjurations
  4146 | D:5      | Found a staircase to the Ecumenical Temple.
  4154 | Temple   | Entered the Ecumenical Temple
  4338 | Temple   | Became a worshipper of Ashenzari the Shackled
  4550 | D:5      | Found Ysajuuc's Antique Weapon Shop.
  4565 | D:5      | Reached XP level 7. HP: 12/36 MP: 3/15
  5043 | D:5      | Found a sparkling altar of Nemelex Xobeh.
  5204 | D:6      | Found a sparkling altar of Nemelex Xobeh.
  5268 | D:6      | Noticed Destapler's ghost (novice HOMo)
  5278 | D:6      | Found a transporter.
  5509 | D:6      | Reached skill level 5 in Spellcasting
  5510 | D:6      | Found a glowing drain.
  5519 | Sewer    | Entered a sewer
  6291 | D:6      | Found a transporter.
  6318 | D:6      | Found a glowing golden altar of the Shining One.
  6324 | D:6      | Reached XP level 8. HP: 41/41 MP: 14/19
  6532 | D:6      | Reached skill level 5 in Fire Magic
  7239 | D:7      | Reached * piety under Ashenzari
  8025 | D:7      | Reached skill level 5 in Dodging
  8914 | D:8      | Reached XP level 9. HP: 45/45 MP: 9/21
  9274 | D:8      | Found Guit's Antique Weapon Shoppe.
  9833 | D:8      | Noticed Harold
 10066 | D:9      | Found a stormy altar of Qazlal.
 10067 | D:9      | Noticed Prince Ribbit
 10423 | D:9      | Noticed a death yak
 10449 | D:9      | Killed a death yak
 10617 | D:9      | Noticed a death yak
 10617 | D:9      | Noticed a death yak
 10649 | D:10     | Entered Level 10 of the Dungeon
 10786 | D:10     | Noticed a troll
 10810 | D:10     | Killed a troll
 10810 | D:10     | Reached XP level 10. HP: 17/50 MP: 6/25
 11353 | D:10     | Noticed a two-headed ogre
 11368 | D:10     | Found Huwk's Antique Armour Shoppe.
 11376 | D:10     | Killed a two-headed ogre
 11376 | D:10     | Reached skill level 10 in Fire Magic
 11799 | D:10     | Reached ** piety under Ashenzari
 11809 | D:10     | Found an opulent altar of Gozag.
 12007 | D:10     | Reached skill level 10 in Conjurations
 12175 | D:11     | Noticed Urug
 12175 | D:11     | Reached skill level 10 in Spellcasting
 12437 | D:11     | Reached skill level 1 in Evocations
 12831 | D:11     | Noticed a two-headed ogre
 12846 | D:11     | Slain by a two-headed ogre

Skill      XL: |  1  2  3  4  5  6  7  8  9 10 |
---------------+-------------------------------+-----
Conjurations   | 2 3 4 5 7 9 10 | 10.0
Summonings     | 3 |  3.2
Fire Magic     | 1 3 7 8 10 | 10.4
Air Magic      | 1 2 3 |  3.0
Spellcasting   | 6 7 9 10 | 10.0
Dodging        | 5 |  5.4
Evocations     | 4 |  4.9
Stealth        | |  2.4
Translocations | |  1.1
Poison Magic   | |  0.1

Action                   |  1- 3 |  4- 6 |  7- 9 | 10-12 || total
-------------------------+-------+-------+-------+-------++-------
Melee: Dagger            |    15 |     5 |    34 |       ||    54
 Cast: Magic Dart        |    80 |   135 |   310 |    86 ||   611
       Mephitic Cloud    |       |     7 |    29 |    14 ||    50
       Conjure Flame     |       |     6 |    31 |    16 ||    53
       Call Imp          |       |     1 |    14 |     2 ||    17
       Blink             |       |       |     4 |     1 ||     5
Invok: Curse Item        |       |     1 |       |       ||     1
Evoke: Wand              |       |       |     4 |       ||     4
  Use: Scroll            |       |     6 |    10 |       ||    16
       Potion            |       |       |     2 |     1 ||     3
  Eat: Chunk             |     1 |    10 |    13 |     7 ||    31
       Ration            |       |       |     2 |       ||     2
Armor: Robe              |     6 |     5 |    13 |     3 ||    27
Dodge: Dodged            |    33 |    37 |    89 |    25 ||   184
